 Dungeon Crawl Stone Soup version 0.18.1-6-gd335043 (webtiles) character file.

83951 lightmor the Severer (level 15, -1/132 HPs)
             Began as a Minotaur Berserker on May 17, 2016.
             Was the Champion of Trog.
             Killed from afar by a manticore (9 damage)
             ... with a volley of spikes
             ... on level 15 of the Dungeon.
             The game lasted 00:53:31 (25493 turns).

lightmor the Severer (Minotaur Berserker)          Turns: 25493, Time: 00:53:32

Health: -1/132     AC: 19    Str: 31    XL:     15   Next: 33%
Magic:  7/7        EV: 19    Int:  4    God:    Trog [******]
Gold:   2344       SH:  0    Dex: 15    Spells: 0 memorised, 14 levels left

rFire  + . .     SeeInvis .     a - +4 executioner's axe (antimagic)
rCold  . . .     Gourm    +     y - +5 ring mail of the Crown {+Blink Str+2}
rNeg   . . .     Faith    .     (shield currently unavailable)
rPois  +         Spirit   .     (helmet unavailable)
rElec  .         Dismiss  .     I - +0 cloak
rCorr  .         Reflect  .     K - +2 pair of gloves {Dex+3}
SustAt .         Harm     .     W - +0 pair of boots of Coth {Stlth+}
MR     +++..                    A - amulet of the gourmand
Stlth  ++........               Z - +3 ring of strength (curse)
                                J - ring of protection from fire

@: manticore barbs, regenerating, extremely resistant to hostile enchantments,
unstealthy
A: retaliatory headbutt, horns 3, poison resistance
a: Berserk, Trog's Hand, Brothers in Arms, Burn Spellbooks, Renounce Religion,
Evoke Blink


You were on level 15 of the Dungeon.
You worshipped Trog.
Trog was exalted by your worship.
You were very full.

You visited 3 branches of the dungeon, and saw 25 of its levels.
You also visited: Labyrinth and Ossuary.

You collected 2852 gold pieces.
You spent 508 gold pieces at shops.

Inventory:

Hand Weapons
 a - a +4 antimagic executioner's axe (weapon)
 b - a +2 executioner's axe of freezing
 H - a +1 executioner's axe of flaming
Armour
 y - the +5 ring mail of the Crown (worn) {+Blink Str+2}
   (You found it on level 6 of the Dungeon)

   It affects your strength (+2).
   It lets you blink.
 I - a +0 cloak (worn)
 K - a +2 pair of gloves of dexterity (worn)
 W - the +0 pair of boots of Coth (worn) {Stlth+}
   (You found it on level 3 of the Lair of Beasts)

   It makes you more stealthy.
Jewellery
 s - an uncursed ring of protection from cold
 A - an amulet of the gourmand (around neck)
 J - a ring of protection from fire (left hand)
 U - an uncursed ring of poison resistance
 Z - a cursed +3 ring of strength (right hand)
Wands
 e - a wand of confusion (16/48)
 D - a wand of teleportation (7/9)
 F - a wand of digging (14/24)
 M - a wand of acid (14/15)
 P - a wand of iceblast (7/15)
 R - a wand of polymorph (14/24)
 V - a wand of disintegration (15/24)
Scrolls
 d - 11 scrolls of remove curse
 h - 3 scrolls of recharging
 n - a scroll of fear
 p - 2 scrolls of fog
 t - 13 scrolls of teleportation
 v - a scroll of identify
 w - a scroll of summoning
 E - a scroll of magic mapping
 N - a scroll of blinking
 Q - a scroll of silence
 S - a scroll of torment
 T - a scroll of enchant armour
Potions
 f - 6 potions of flight
 g - 4 potions of haste
 i - 5 potions of agility
 j - 3 potions of heal wounds
 k - 6 potions of curing
 o - a potion of ambrosia
 r - 2 potions of cancellation
 u - 2 potions of invisibility
 x - 2 potions of might
 z - 6 potions of lignification
 X - a potion of cure mutation
Miscellaneous
 q - a fan of gales
 Y - a sack of spiders {used: 2}
Comestibles
 c - 14 bread rations
 l - 7 meat rations
 m - 2 chunks of flesh
 C - 11 beef jerkies
 G - 8 fruits
 L - 17 royal jellies


   Skills:
 - Level 12.1 Fighting
 * Level 20.7 Axes
 - Level 12.1 Armour
 - Level 12.0 Dodging
 + Level 9.5 Evocations


You had 14 spell levels left.
You didn't know any spells.

Dungeon Overview and Level Annotations

Branches:
Dungeon (15/15)            Temple (0/1) D:6            Lair (8/8) D:10
  Swamp (0/4) Lair:5        Snake (0/4) Lair:3        Slime (0/6) Lair:8
    Orc (2/2) D:12            Elf (0/3) Orc:2        Vaults (0/5) D:13
 Depths (0/5) D:15

Altars:
Cheibriados
Elyvilon
Makhleb
Pakellas
Qazlal
Sif Muna
Trog
Vehumet
Zin
The Shining One

Shops:
D:7 %   D:8 [   D:9 :   D:10 [   D:15 [   Orc:2 !([*


Innate Abilities, Weirdness & Mutations

You reflexively headbutt those who attack you in melee.
You have a pair of large horns on your head.
Your system is resistant to poisons.


Message History

Trog appreciates your killing of a magic user.
You feel the effects of Trog's Hand fading.
The battlesphere dissipates.
The manticore flicks its tail.
The volley of spikes misses you.
The manticore flicks its tail.
The volley of spikes hits you!
The barbed spikes become lodged in your body.
The manticore flicks its tail.
The volley of spikes hits you!
The barbed spikes become lodged in your body.
* * * LOW HITPOINT WARNING * * *
The manticore flicks its tail.
The volley of spikes hits you!
The barbed spikes become lodged in your body.
* * * LOW HITPOINT WARNING * * *
The manticore flicks its tail.
The volley of spikes hits you!
The barbed spikes become lodged in your body.
You die...

........# *...#,,,,,*,,,,
...)....###########...#,,,,,*,,,,
#......)..............#,,,,,*,,,,
#..................H..#+*****,,,,
#.....................,,,,,,,,,,,
####...............#******,,,,,,,
**,##..............# *,,,,,,,
*,,,#...........∩..# *,,,,,,,
,,,,##..........@..# *,,,****
,,,,>#..)........§.#******,,,* *
,,,,*#.............H..,,,,,*** *
*,,,#....#####..§.......,,,*,* *
**,*#....# #..........,,,*,* *
,***.....# #.#######..,,,*,* **
,,,,....,* #.# *..,,,*,***,
,,,,,,,,,* #.* *,,,,,*,**,,
,,,,,,,,,* *,* *,,,,,+,**,,


You could see 2 manticores.

Vanquished Creatures
  Kirke (D:13)
  Maud (Orc:2)
  An orc warlord (Orc:2)
  2 dire elephants (Lair:8)
  An ettin (Orc:2)
  A minotaur (Lab)
  The ghost of Moloch the Severer, a journeyman DsBe of Trog (D:11)
  A rakshasa (D:15)
  The ghost of lightmor the Severer, a journeyman MiBe of Trog (Lair:1)
  3 hydras
  Harold (Lair:1)
  A catoblepas (Lair:7)
  An anaconda (Lair:8)
  Erolcha (D:13)
  A centaur warrior (D:13)
  An ogre mage (D:13)
  3 death yaks (Lair:7)
  5 orc high priests (Orc:2)
  Nergalle (Lair:2)
  Sonja (D:13)
  A deep elf knight (D:13)
  2 unseen horrors
  2 hill giants
  9 orc knights (Orc:2)
  Pikel (D:4)
  2 deep elf magi
  An orc sorcerer (Orc:2)
  3 ugly things (D:14)
  2 griffons
  2 cyclopes
  6 black mambas
  Joseph (D:10)
  2 gargoyles
  A guardian serpent (shapeshifter) (D:13)
  6 elephants (Lair:8)
  14 spiny frogs
  A centaur skeleton (D:13)
  A torpor snail (Lair:8)
  A kobold demonologist (D:12)
  A rime drake (Lair:5)
  2 tengu conjurers
  4 komodo dragons
  A queen bee (Lair:6)
  3 trolls
  A wolf spider simulacrum (D:15)
  2 polar bears
  6 two-headed ogres
  7 slime creatures (D:13)
  2 boulder beetles
  11 blink frogs
  5 wyverns
  A water elemental (D:12)
  A hill giant zombie (D:12)
  41 yaks
  2 wraiths
  Grum (D:10)
  2 basilisks
  12 hippogriffs
  2 vampire mosquitoes (D:14)
  4 hungry ghosts
  A soldier ant (D:12)
  6 wargs
  2 hell hounds (D:10)
  16 porcupines
  10 water moccasins
  A sky beast (D:7)
  3 ice beasts
  3 wasps
  30 orc warriors
  A necrophage (D:10)
  A slave (D:4)
  3 phantoms
  3 black bears
  3 wolves
  A boggart (D:13)
  12 centaurs
  15 crocodiles
  12 ogres
  16 giant frogs
  2 water moccasin zombies
  4 scorpions
  A troll zombie (D:12)
  36 killer bees
  7 electric eels
  4 wights (D:9)
  9 howler monkeys
  10 crimson imps
  3 jellies
  A giant frog skeleton (D:11)
  3 giant frog zombies
  28 orc priests
  Crazy Yiuf (D:4)
  3 centaur zombies
  8 hounds
  A quasit (D:11)
  10 iguanas
  7 worker ants
  22 orc wizards
  Natasha (thrice) (D:2)
  18 sheep
  6 ogre zombies (D:12)
  A hound skeleton (D:9)
  A hound zombie (D:9)
  8 mummies (Ossuary)
  A worker ant zombie (D:6)
  8 adders
  44 river rats
  2 shadow imps
  3 oozes
  3 adder skeletons
  2 worms
  5 giant geckos
  79 orcs
  2 ball pythons (D:1)
  5 bats
  3 giant cockroaches
  7 goblins (D:1)
  6 hobgoblins
  4 jackals (D:1)
  4 quokkas
  5 giant newts
  2 gnoll zombies (Ossuary)
  5 goblin zombies (D:12)
  2 hobgoblin skeletons (D:12)
  5 hobgoblin zombies
  A jackal skeleton (D:4)
  10 kobolds
  3 kobold zombies (Ossuary)
  3 orc skeletons (D:12)
  12 orc zombies
  8 rats
  6 fungi
  6 plants
780 creatures vanquished.

Vanquished Creatures (collateral kills)
  5 hydras
  A skeletal warrior (D:13)
  A deep elf mage (D:13)
  3 elephants (Lair:8)
  A torpor snail (Lair:4)
  A spiny frog (Lair:1)
  2 centaur skeletons (D:13)
  2 yaks (Lair:1)
  A hog (D:13)
  A basilisk (Lair:8)
  A water moccasin (Lair:1)
  A porcupine (Lair:2)
  4 wolves (Lair:8)
  2 big kobolds (D:13)
  A giant frog skeleton (D:13)
  2 river rats (Lair:4)
  A kobold (D:13)
30 creatures vanquished.

Vanquished Creatures (others)
  A centaur skeleton (D:12)
  3 humans (D:13)
  A crimson imp (D:13)
  A kobold (D:13)
  An orc skeleton (D:12)
  9 fungi
  6 plants (Lair:8)
22 creatures vanquished.

Grand Total: 832 creatures vanquished

Notes
Turn   | Place    | Note
--------------------------------------------------------------
     0 | D:1      | lightmor the Minotaur Berserker began the quest for the Orb.
     0 | D:1      | Reached XP level 1. HP: 19/19 MP: 0/0
    43 | D:1      | Reached skill level 4 in Axes
   134 | D:1      | Reached XP level 2. HP: 18/26 MP: 1/1
   420 | D:1      | Reached ** piety under Trog
   563 | D:1      | Reached skill level 5 in Axes
   670 | D:1      | Reached XP level 3. HP: 23/31 MP: 2/2
   907 | D:2      | Noticed Natasha
   913 | D:2      | Killed Natasha
  1100 | D:2      | Reached skill level 6 in Axes
  1100 | D:2      | Reached XP level 4. HP: 37/39 MP: 3/3
  1143 | D:2      | Noticed Natasha
  1155 | D:2      | Killed Natasha
  1385 | D:2      | Noticed Natasha
  1389 | D:2      | Killed Natasha
  1468 | D:2      | Reached XP level 5. HP: 45/45 MP: 4/4
  1591 | D:2      | Reached skill level 7 in Axes
  1867 | D:3      | Reached *** piety under Trog
  2055 | D:3      | Found a glowing golden altar of the Shining One.
  2055 | D:3      | Found a white marble altar of Elyvilon.
  2058 | D:3      | Found a glowing silver altar of Zin.
  2458 | D:4      | Reached skill level 8 in Axes
  2459 | D:4      | Found a radiant altar of Vehumet.
  2533 | D:4      | Reached XP level 6. HP: 43/51 MP: 5/5
  2638 | D:4      | Noticed a slave
  2638 | D:4      | Noticed a slave
  2639 | D:4      | Noticed Pikel
  2639 | D:4      | Noticed a slave
  2640 | D:4      | Noticed a slave
  2646 | D:4      | Killed a slave
  2648 | D:4      | Killed Pikel
  2648 | D:4      | Reached skill level 10 in Axes
  2648 | D:4      | Reached XP level 7. HP: 56/57 MP: 6/6
  2710 | D:4      | Found a snail-covered altar of Cheibriados.
  2820 | D:4      | Found a deep blue altar of Sif Muna.
  3069 | D:4      | Noticed Crazy Yiuf
  3074 | D:4      | Killed Crazy Yiuf
  3272 | D:5      | Entered Level 5 of the Dungeon
  3272 | D:5      | Found a sand-covered staircase.
  3292 | Ossuary  | Entered an ossuary
  3309 | Ossuary  | Reached skill level 11 in Axes
  3775 | D:5      | Reached XP level 8. HP: 53/64 MP: 7/7
  4424 | D:6      | Reached skill level 12 in Axes
  4544 | D:6      | Got a heavily runed ring mail
  4555 | D:6      | Identified the +5 ring mail of the Crown {+Blink Str+2} (You found it on level 6 of the Dungeon)
  4654 | D:6      | Found a staircase to the Ecumenical Temple.
  4676 | D:6      | Reached **** piety under Trog
  4719 | D:6      | Reached skill level 13 in Axes
  5333 | D:7      | Found a bloodstained altar of Trog.
  5414 | D:7      | Reached XP level 9. HP: 70/70 MP: 8/8
  5424 | D:7      | You fall through a shaft!
  5430 | D:8      | Reached skill level 14 in Axes
  5604 | D:7      | Found an oddly glowing altar of Pakellas.
  5738 | D:7      | Reached skill level 15 in Axes
  5912 | D:7      | Found Qeuxzom's Food Emporium.
  6238 | D:8      | Found Zaotuirph's Antique Armour Shop.
  6241 | D:8      | Bought a ripped robe for 131 gold pieces
  6241 | D:8      | Bought a pair of boots for 103 gold pieces
  6241 | D:8      | Bought a pair of glowing gloves for 103 gold pieces
  6251 | D:8      | Identified the cursed +0 robe of the Queen {+Fly rCorr Str-5} (You bought it in a shop on level 8 of the Dungeon)
  6540 | D:8      | Reached skill level 5 in Fighting
  6554 | D:8      | Reached XP level 10. HP: 51/81 MP: 9/9
  6688 | D:9      | Reached skill level 5 in Armour
  6721 | D:9      | Noticed a cyclops
  6732 | D:9      | Killed a cyclops
  6732 | D:9      | Reached skill level 5 in Dodging
  7030 | D:9      | Reached ***** piety under Trog
  7300 | D:9      | Found Qis Dan's Book Boutique.
  7879 | D:10     | Entered Level 10 of the Dungeon
  7955 | D:10     | Noticed Grum
  7965 | D:10     | Killed Grum
  8024 | D:10     | Found a staircase to the Lair.
  8223 | D:10     | Noticed Joseph
  8231 | D:10     | Killed Joseph
  8440 | D:10     | Found Vioxtef's Armour Boutique.
  8823 | Lair:1   | Entered Level 1 of the Lair of Beasts
  8845 | Lair:1   | Found a labyrinth entrance.
  8850 | Lair:1   | Noticed a seven-headed hydra
  8856 | Lair:1   | Noticed a spiny frog
  8860 | Lair:1   | Killed a seven-headed hydra
  8860 | Lair:1   | Reached XP level 11. HP: 70/95 MP: 10/10
  8895 | Lab      | Entered a labyrinth
  9022 | Lab      | Noticed a minotaur
  9034 | Lab      | Killed a minotaur
  9042 | Lab      | Got a slimy scale mail
  9058 | Lab      | Identified the +5 scale mail "Ackupha" {Dex+2 SInv} (You found it in a labyrinth)
  9072 | Lab      | Identified a scroll of acquirement
  9126 | Lair:1   | Received a gift from Trog
  9297 | Lair:1   | Noticed Harold
  9308 | Lair:1   | Killed Harold
  9470 | Lair:1   | Found a burning altar of Makhleb.
  9990 | Lair:1   | Noticed a five-headed hydra
  9996 | Lair:1   | Killed a six-headed hydra
 10219 | Lair:2   | Reached skill level 10 in Fighting
 10370 | Lair:2   | Noticed Nergalle
 10383 | Lair:2   | Killed Nergalle
 10870 | Lair:2   | Noticed an eight-headed hydra
 10876 | Lair:2   | Killed an eight-headed hydra
 10876 | Lair:2   | Reached skill level 10 in Armour
 11105 | Lair:2   | Found a glowing golden altar of the Shining One.
 11373 | Lair:3   | Reached XP level 12. HP: 108/108 MP: 3/11
 11616 | Lair:3   | Reached skill level 10 in Dodging
 11787 | Lair:3   | Found a staircase to the Snake Pit.
 12157 | Lair:3   | Got a pair of bloodstained boots
 12168 | Lair:3   | Identified the +0 pair of boots of Coth {Stlth+} (You found it on level 3 of the Lair of Beasts)
 12324 | Lair:4   | Found a runed door.
 12565 | Lair:4   | Noticed a six-headed hydra
 12573 | Lair:4   | Killed a six-headed hydra
 13195 | Lair:4   | Noticed an eight-headed hydra
 13199 | Lair:4   | Killed an eight-headed hydra
 13828 | Lair:5   | Reached skill level 1 in Evocations
 14081 | Lair:5   | Found a staircase to the Swamp.
 14596 | Lair:6   | Noticed a five-headed hydra
 14608 | Lair:6   | Killed a five-headed hydra
 14675 | Lair:6   | Reached XP level 13. HP: 114/118 MP: 4/13
 15093 | Lair:6   | Received a gift from Trog
 15697 | Lair:7   | Reached skill level 16 in Axes
 16259 | Lair:8   | Entered Level 8 of the Lair of Beasts
 16299 | Lair:8   | Received a gift from Trog
 16422 | Lair:8   | Reached skill level 5 in Evocations
 16570 | Lair:8   | Reached skill level 17 in Axes
 17145 | Lair:8   | Found a staircase to the Slime Pits.
 17514 | Lair:8   | Noticed a dire elephant
 17514 | Lair:8   | Noticed a dire elephant
 17523 | Lair:8   | Killed a dire elephant
 17527 | Lair:8   | Killed a dire elephant
 18121 | Lair:1   | Noticed lightmor's ghost (journeyman MiBe)
 18127 | Lair:1   | Killed lightmor's ghost
 18154 | Lair:1   | Reached XP level 14. HP: 125/126 MP: 5/17
 18819 | D:11     | Noticed Moloch's ghost (journeyman DsBe)
 18825 | D:11     | Killed Moloch's ghost
 19423 | D:12     | Reached skill level 18 in Axes
 19483 | D:12     | Found a staircase to the Orcish Mines.
 20120 | D:12     | Received a gift from Trog
 20402 | D:12     | Reached ****** piety under Trog
 20405 | D:12     | Received a gift from Trog
 20795 | D:12     | Found a stormy altar of Qazlal.
 20871 | Orc:1    | Entered Level 1 of the Orcish Mines
 21086 | Orc:2    | Entered Level 2 of the Orcish Mines
 21086 | Orc:2    | Found a staircase to the Elven Halls.
 21175 | Orc:2    | Noticed an orc warlord
 21178 | Orc:2    | Noticed Maud
 21190 | Orc:2    | Killed Maud
 21202 | Orc:2    | Killed an orc warlord
 22003 | Orc:2    | Reached skill level 19 in Axes
 22543 | Orc:2    | Received a gift from Trog
 23072 | Orc:2    | Found Lajusour's General Store.
 23082 | Orc:2    | Found Cuschiar's Distillery.
 23088 | Orc:2    | Found Naihibom's Antique Armour Boutique.
 23089 | Orc:2    | Found Elihaiceyt's Weapon Shop.
 23103 | Orc:2    | Bought a blackened scale mail for 171 gold pieces
 23113 | Orc:2    | Identified the +2 scale mail of Lugonu's Favour {+Blink rC+ Regen+ Dex-3} (You bought it in a shop on level 2 of the Orcish Mines)
 23711 | D:13     | Noticed Sonja
 23720 | D:13     | Killed Sonja
 23800 | D:13     | Noticed Kirke
 23811 | D:13     | Killed Kirke
 23811 | D:13     | Received a gift from Trog
 23811 | D:13     | Reached skill level 20 in Axes
 23811 | D:13     | Reached XP level 15. HP: 60/132 MP: 20/20
 24125 | D:13     | Gained mutation: Your system is resistant to poisons. [potion of beneficial mutation]
 24126 | D:13     | Gained mutation: You have a pair of large horns on your head. [potion of beneficial mutation]
 24236 | D:13     | Noticed Erolcha
 24243 | D:13     | Killed Erolcha
 24396 | D:13     | Found a gate to the Vaults.
 25365 | D:15     | Entered Level 15 of the Dungeon
 25467 | D:15     | Found Vaumn's Armour Boutique.
 25493 | D:15     | Killed from afar by a manticore

Skill      XL: |  1  2  3  4  5  6  7  8  9 10 11 12 13 14 |
---------------+-------------------------------------------+-----
Axes           | 4 5 6 8 10 11 13 15 17 20 | 20.7
Fighting       | 5 8 10 12 | 12.1
Armour         | 4 7 10 12 | 12.1
Dodging        | 4 7 9 12 | 12.0
Evocations     | 2 6 9 |  9.5

Action                   |  1- 3 |  4- 6 |  7- 9 | 10-12 | 13-15 || total
-------------------------+-------+-------+-------+-------+-------++-------
Melee: Hand axe          |    74 |    96 |    15 |       |       ||   185
       Headbutt          |     8 |    19 |    67 |    97 |   208 ||   399
       War axe           |       |       |   196 |       |       ||   196
       Battleaxe         |       |       |    54 |   149 |       ||   203
       Executioner's axe |       |       |       |   290 |   793 ||  1083
Invok: Berserk           |     1 |     3 |       |     7 |    11 ||    22
       Trog's Hand       |       |     1 |       |     5 |    10 ||    16
       Brothers in Arms  |       |       |       |     5 |     2 ||     7
       Burn Spellbooks   |       |       |       |     1 |     1 ||     2
Evoke: Fan of gales      |       |       |       |     2 |     1 ||     3
       Wand              |       |       |       |     7 |     3 ||    10
       Sack of spiders   |       |       |       |     3 |       ||     3
  Use: Scroll            |       |     3 |     8 |    17 |    15 ||    43
       Potion            |       |       |       |     2 |     5 ||     7
 Stab: Sleeping          |       |       |     2 |     3 |     5 ||    10
       Distracted        |       |       |       |       |     3 ||     3
  Eat: Chunk             |     1 |     8 |    10 |    50 |    49 ||   118
       Bread ration      |       |       |     1 |       |     2 ||     3
       Pizza             |       |       |       |       |     2 ||     2
       Beef jerky        |       |       |       |       |     1 ||     1
Armor: Animal skin       |    12 |     6 |       |       |       ||    18
       Chain mail        |       |    12 |       |       |       ||    12
       Robe              |       |       |    12 |       |       ||    12
       Ring mail         |       |       |    68 |   197 |   318 ||   583
Dodge: Dodged            |    44 |    52 |   130 |   414 |   753 ||  1393
